 Dungeon Crawl Stone Soup version 0.27.1-33-g824d729ab1 (webtiles) character file.

Game seed: 17380338823274336296

98 pkoi the Insei (level 4, -2/38 HPs)
             Began as a Draconian Monk on Dec 28, 2021.
             Killed by nerve-wracking pain
             ... invoked by Grinder
              (7 damage)
             ... on level 3 of the Dungeon.
             The game lasted 00:02:17 (2852 turns).

pkoi the Insei (Draconian Monk)                     Turns: 2852, Time: 00:02:17

Health: -2/38      AC:  6    Str: 13    XL:     4   Next: 44%
Magic:  4/4        EV: 16    Int: 12    God:
Gold:   79         SH:  0    Dex: 13    Spells: 3/3 levels left

rFire    . . .     SeeInvis +   a - +0 dagger (venom)
rCold    . . .     Faith    .   (no shield)
rNeg     . . .     Spirit   .   (armour unavailable)
rPois    .         Reflect  .   (helmet restricted)
rElec    .         Harm     .   (no cloak)
rCorr    .         Rampage  .   f - +0 pair of gloves
Will     .....                  (no boots)
Stlth    ++........             (no amulet)
HPRegen  0.12/turn              b - ring of see invisible
MPRegen  0.09/turn              e - +4 ring of evasion

@: no status effects
A: AC +5, unfitting armour, cold-blooded
a: no special abilities


You were on level 3 of the Dungeon.
You visited 1 branch of the dungeon, and saw 3 of its levels.

You collected 79 gold pieces.

Inventory:

Hand Weapons
 a - a +0 dagger of venom (weapon)
Missiles
 g - 15 poisoned darts (quivered)
Armour
 f - a +0 pair of gloves (worn)
Jewellery
 b - a ring of see invisible (left hand)
 e - a +4 ring of evasion (right hand)
Scrolls
 c - 2 scrolls of silence
Potions
 h - a potion of haste


   Skills:
 - Level 3.2 Fighting
 - Level 2.6 Dodging
 - Level 1.7 Stealth
 + Level 5.3 Unarmed Combat


You had 3 spell levels left.
You didn't know any spells.
Your spell library contained the following spells:

 Spells                   Type           Power      Damage    Failure   Level
 Stone Arrow              Conj/Erth      0%         3d7       69%         3
 Bolt of Magma            Conj/Fire/Erth 0%         4d4       100%        5
 Shatter                  Erth           0%         3d5*      100%        9


Dungeon Overview and Level Annotations

Branches:
Dungeon (3/15)

Altars:
Cheibriados

Shops:
D:1 (

Annotations:
D:3 Grinder


Innate Abilities, Weirdness & Mutations

Your plain brown scales are hard. (AC +5)
You cannot fit into any form of body armour.
You are cold-blooded and may be slowed by cold attacks.


Message History

You hit Grinder.
Grinder is lightly wounded.
Grinder hits you but does no damage.
You hit Grinder but do no damage.
Grinder is lightly wounded.
Grinder blinks!
There is an open door here.
Grinder blinks!
You close the door.
You start resting.
Grinder is nearby!
You barely miss Grinder.
Grinder is lightly wounded.
Grinder hits you.
You writhe in agony.
You barely miss Grinder.
Grinder is lightly wounded.
Grinder hits you.
You writhe in agony.
You barely miss Grinder.
Grinder is lightly wounded.
Grinder gestures at you. Pain shoots through your body!
You hit Grinder but do no damage. You tail-slap Grinder.
Grinder is lightly wounded.
Grinder gestures at you. Pain shoots through your body!
* * * LOW HITPOINT WARNING * * *
You hit Grinder.
Grinder is lightly wounded.
Grinder misses you.
You barely miss Grinder.
Grinder is lightly wounded.
Grinder hits you.
* * * LOW HITPOINT WARNING * * *
You writhe in agony.
* * * LOW HITPOINT WARNING * * *
You hit Grinder.
Grinder is lightly wounded.
Grinder gestures at you. Pain shoots through your body!
You die...

..................#........#.....
†.................#........#.....
..................#........#.####
..................#........#.####
......#..####.##.##..............
......#..# #.##.##...§....#.####
###+####.####.##.##..............
###.####..........+..............
................@##........ .####
#############...5..........
...........................
###########################


You could see Grinder.

Vanquished Creatures
  2 gnolls (D:2)
  3 adders (D:3)
  2 worms
  A dart slug (D:1)
  An orc (D:3)
  4 ball pythons
  2 bats
  5 endoplasms
  4 giant cockroaches
  4 goblins
  A hobgoblin (D:2)
  2 jackals (D:3)
  A quokka (D:2)
  2 frilled lizards
  4 kobolds
  3 rats
41 creatures vanquished.

Notes
Turn   | Place    | Note
-------+----------+-------------------------------------------
     0 | D:1      | pkoi the Draconian Monk began the quest for the Orb.
     0 | D:1      | Reached XP level 1. HP: 19/19 MP: 1/1
   172 | D:1      | Reached XP level 2. HP: 26/26 MP: 2/2
   733 | D:1      | Found Sumeddyg's Weapon Emporium.
   860 | D:1      | Found a faded altar of an unknown god.
  1011 | D:2      | Reached skill level 4 in Unarmed Combat
  1411 | D:2      | Reached XP level 3. HP: 31/31 MP: 3/3
  1942 | D:3      | Found a snail-covered altar of Cheibriados.
  2305 | D:2      | Reached skill level 5 in Unarmed Combat
  2305 | D:2      | Reached XP level 4. HP: 38/38 MP: 4/4
  2334 | D:2      | HP: 1/38 [poisoned by a gnoll]
  2770 | D:3      | Noticed Grinder
  2852 | D:3      | Killed from afar by Grinder

Illustrated notes

Levels and vault maps discovered:
D:1:      erik_arrival_cave_to_civilisation [erik_arrival_cave_to_hall],
          layout_loops_ring, shapermc_ecumenical_altar_mp_vishouse,
          serial_shops, shop_fountains, corexii_corridor_pit
D:2:      layout_rooms
D:3:      kb_forest_paths, layout_basic, mainiacjoe_overflow_alcove_1,
          uniq_crazy_yiuf_cottage, uniq_grinder

Skill      XL: |  1  2  3 |
---------------+----------+-----
Unarmed Combat | 4 5 |  5.3
Fighting       | |  3.2
Dodging        | |  2.6
Stealth        | |  1.7

Action                   |  1- 3 |  4- 6 || total
-------------------------+-------+-------++-------
Melee: Unarmed           |   143 |    33 ||   176
       Tailslap          |    15 |     6 ||    21
       Punch             |     3 |     3 ||     6
       Dagger            |       |    17 ||    17
  Use: Scroll            |     4 |     1 ||     5
 Stab: Distracted        |     1 |       ||     1
       Sleeping          |     3 |       ||     3
Armor: Skin              |    45 |    12 ||    57
Dodge: Dodged            |   113 |    31 ||   144
